 Dungeon Crawl Stone Soup version 0.31.0-9-g3a7656b989 (webtiles) character file.

Game seed: 5291394298921178278

113626 dialectric the Slayer (level 16, -7/167 HPs)
             Began as a Minotaur Fighter on Jan 24, 2024.
             Shot with a bolt by Vashnia (10 damage)
             ... on level 2 of the Snake Pit.
             The game lasted 00:48:22 (29435 turns).

dialectric the Slayer (Minotaur Fighter)           Turns: 29435, Time: 00:48:23

Health: -7/167     AC: 35    Str: 32    XL:     16   Next: 14%
Magic:  0/15       EV: 12    Int:  5    God:
Gold:   1928       SH:  0    Dex: 19    Spells: 15/15 levels left

rFire   + . .        P - +4 dire flail (venom)
rCold   + . .        (shield currently unavailable)
rNeg    . . .        x - +4 plate armour {rC+}
rPois   .            r - +2 hat
rElec   .            Y - +0 cloak of the Fletcher {rF+}
rCorr   +            b - +3 Mad Mage's Maulers {Infuse+∞ VampMP -Cast}
SInv    +            A - +2 pair of boots {rampage}
Will    +....        Q - amulet "Qifaj" {Acrobat ^Fragile rCorr SInv} Stlth
                     s - +6 ring of dexterity
HPRegen 0.47/turn    n - +6 ring of strength
MPRegen 0.14/turn

%: no spellcasting, acrobat, rampage
@: lethally poisoned (-7 -> -23)
A: horns 2, retaliatory headbutt
a: no special abilities


You were on level 2 of the Snake Pit.
You visited 6 branches of the dungeon, and saw 25 of its levels.
You also visited: Sewer, Gauntlet and Ice Cave.

You collected 2582 gold pieces.
You spent 654 gold pieces at shops.

Inventory:

Hand Weapons
 P - a +4 dire flail of venom (weapon)
Missiles
 f - 52 poisoned darts (quivered)
 W - a throwing net
Armour
 b - the +3 Mad Mage's Maulers (worn) {Infuse+∞ VampMP -Cast}
   (You found it in a Gauntlet)

   Infuse+∞: It empowers its wearer's blows with all of their magic.
   VampMP:    Blows struck in melee replenish the wearer's magic.
   -Cast:     It prevents spellcasting.
 r - a +2 hat (worn)
 x - a +4 plate armour of cold resistance (worn)
 A - a +2 pair of boots of rampaging (worn)
 Y - the +0 cloak of the Fletcher (worn) {rF+}
   (You bought it in a shop on level 2 of the Orcish Mines)

   rF+:       It protects you from fire.
 Z - a +0 tower shield
Jewellery
 e - a +4 ring of protection
 n - a +6 ring of strength (right hand)
 s - a +6 ring of dexterity (left hand)
 N - a ring of poison resistance
 Q - the amulet "Qifaj" (around neck) {Acrobat ^Fragile rCorr SInv}
   (You acquired it on level 4 of the Lair of Beasts)

   [amulet of the acrobat]

   Acrobat:   It increases your evasion while moving and waiting.
   SInv:      It lets you see invisible.
   rCorr:     It protects you from acid and corrosion.
   ^Fragile:  It will be destroyed if unequipped.
 U - a +6 ring of strength
 V - a +4 ring of protection
Talismans
 a - a storm talisman
 g - a granite talisman
 k - a dragon-blood talisman
Wands
 t - a wand of mindburst (28)
 w - a wand of charming (26)
 K - a wand of flame (27)
 M - a wand of iceblast (29)
 S - a wand of quicksilver (6)
Scrolls
 c - a scroll of vulnerability
 h - 8 scrolls of teleportation
 j - 4 scrolls of silence
 l - a scroll of fear
 p - 3 scrolls of brand weapon
 u - 3 scrolls of immolation
 v - 2 scrolls of summoning
 y - a scroll of torment
 C - 2 scrolls of enchant weapon
 E - 6 scrolls of fog
 O - 2 scrolls of poison
 R - 2 scrolls of blinking
 X - 3 scrolls of revelation
Potions
 i - 8 potions of curing
 m - 6 potions of magic
 o - 4 potions of invisibility
 z - 2 potions of ambrosia
 B - a potion of berserk rage
 D - 4 potions of mutation
 F - 2 potions of lignification
 G - 3 potions of resistance
 H - a potion of enlightenment
 I - 12 potions of haste
 J - a potion of brilliance
 L - 3 potions of might
Miscellaneous
 T - a lightning rod (4/4)


   Skills:
 * Level 21.5 Fighting
 - Level 1.0 Short Blades
 - Level 18.4 Maces & Flails
 + Level 19.3 Armour
 + Level 5.7 Dodging
 + Level 4.2 Shields
 + Level 1.0 Evocations


You had 15 spell levels left.
You didn't know any spells.
Your spell library contained the following spells:

 Spells                   Type           Power      Damage    Failure   Level
 Foxfire                  Conj/Fire      0%         2x1d4     91%         1
 Blink                    Tloc           0%         N/A       97%         2
 Ensorcelled Hibernation  Hex/Ice        0%         N/A       97%         2
 Lesser Beckoning         Tloc           0%         N/A       97%         2
 Momentum Strike          Conj/Tloc      0%         3d8       97%         2
 Dazzling Flash           Conj/Hex       0%         N/A       99%         3
 Fugue of the Fallen      Necr           0%         N/A       99%         3
 Inner Flame              Hex/Fire       0%         N/A       99%         3
 Ozocubu's Armour         Ice            0%         N/A       99%         3
 Passwall                 Erth           0%         N/A       99%         3
 Swiftness                Air            0%         N/A       99%         3
 Tukima's Dance           Hex            0%         N/A       99%         3
 Volatile Blastmotes      Fire/Tloc      0%         2d10      99%         3
 Dimensional Bullseye     Hex/Tloc       0%         N/A       100%        4
 Flame Wave               Conj/Fire      0%         2d4       100%        4
 Iskenderun's Mystic Bla  Conj/Tloc      0%         2d3       100%        4
 Manifold Assault         Tloc           0%         N/A       100%        4
 Sticky Flame             Fire/Alch      0%         2d4       100%        4
 Vhi's Electric Charge    Tloc/Air       0%         N/A       100%        4
 Arcjolt                  Conj/Air       0%         1d10      100%        5
 Dispersal                Tloc           0%         N/A       100%        6
 Plasma Beam              Fire/Air       0%         2x1d10    100%        6
 Starburst                Conj/Fire      0%         6d3       100%        6
 Disjunction              Tloc           0%         N/A       100%        8
 Maxwell's Capacitive Co  Air            0%         ∞         100%        8


Dungeon Overview and Level Annotations

Branches:
Dungeon (14/15)            Temple (0/1) D:6            Lair (5/5) D:10
  Swamp (0/4) Lair:3        Snake (2/4) Lair:3        Slime (1/5) Lair:4
    Orc (2/2) D:12            Elf (1/3) Orc:2        Vaults (0/5) D:13
  Sewer (visited)           IceCv (visited)         Gauntlet (visited)

Altars:
Ashenzari
Dithmenos
Gozag
Hepliaklqana
Okawaru
Ru
Sif Muna
Trog
Xom
Yredelemnul
Zin
Lugonu

Shops:
D:3 :   D:6 *   Orc:2 =:[[?   Snake:2 !

Portals:
Abyss: D:7

Annotations:
Lair:1 1 runed translucent door, middlethird's ghost, novice VSCj
Snake:2 Vashnia


Innate Abilities, Weirdness & Mutations

You have a pair of horns on your head.
You reflexively headbutt those who attack you in melee.


Message History

Vashnia shoots a bolt.
The bolt hits you.
* * * LOW HITPOINT WARNING * * *
You feel much better.
The naga sharpshooter gestures wildly while chanting.
The naga sharpshooter magically shoots a bolt.
The bolt hits you!
* * * LOW HITPOINT WARNING * * *
Vashnia shoots a bolt.
The bolt hits you!!
* * * LOW HITPOINT WARNING * * *
The bolt burns you.
* * * LOW HITPOINT WARNING * * *
You feel much better.
Vashnia shoots a bolt.
The bolt hits you but does no damage.
Unknown command.
You barely miss the naga sharpshooter. You headbutt the naga sharpshooter!
The naga sharpshooter is moderately wounded.
Unknown command.
Unknown command.
You impale the naga sharpshooter!!
The naga sharpshooter is severely wounded.
The naga sharpshooter mumbles some strange words.
The naga sharpshooter magically shoots a bolt.
The bolt hits you.
* * * LOW HITPOINT WARNING * * *
Vashnia spits poison at you. The splash of poison hits you!!
You are poisoned.
* * * LOW HITPOINT WARNING * * *
You hit the naga sharpshooter.
The naga sharpshooter is almost dead.
* * * LOW HITPOINT WARNING * * *
You feel very sick.
The naga sharpshooter shoots a bolt.
The bolt hits you but does no damage.
You barely miss the naga sharpshooter.
The naga sharpshooter is almost dead.
* * * LOW HITPOINT WARNING * * *
You feel very sick.
Vashnia shoots a bolt.
The bolt hits you!
You die...
Vashnia says, "All clear.
Let's check for more."

#. ###..##.####
###
...#...#...†.###.
....#..#........
##....#.##.....
##.....#.#......
#...............
##......)#......
##)NN...##.....
##@)...# ..
#......# ..
#....### ###.##
##


You could see Vashnia (poisoned, catching breath) and a naga sharpshooter (very
poisoned).

Vanquished Creatures
  Jorgrun (D:13)
  Gastronok (Lair:3)
  A quicksilver ooze (Gauntlet)
  Azrael (D:12)
  A minotaur (Gauntlet)
  7 hydras
  2 ogre magi (Orc:2)
  3 anacondas
  A catoblepas (Lair:5)
  3 vault guards (D:13)
  A centaur warrior (D:13)
  2 boulder beetles
  11 death yaks
  3 naga warriors
  2 hell hogs
  9 two-headed ogres
  An orc high priest (Orc:2)
  7 naga sharpshooters
  A deep elf knight (Elf:1)
  3 shock serpents
  Sonja (D:13)
  Nergalle (D:12)
  A fire crab (Lair:5)
  A skyshark (Lair:3)
  3 skeletal warriors (D:13)
  2 deep trolls (Orc:2)
  2 spriggan druids (Lair:3)
  An arcanist (D:13)
  Pikel (D:8)
  A deep elf pyromancer (D:13)
  A deep elf archer (Elf:1)
  A necromancer (D:13)
  A naga ritualist (Snake:1)
  2 deep elf zephyrmancers
  An oklob plant (Lair:2)
  An orc sorcerer (Orc:1)
  7 ugly things
  A manticore (Lair:3)
  2 salamanders
  4 cyclopes
  2 kobold blastminers (Orc:2)
  A meliai (shapeshifter) (D:13)
  7 naga magi
  A gargoyle (D:13)
  11 cane toads
  24 black mambas
  2 torpor snails
  An unseen horror (D:11)
  2 ice statues (IceCv)
  An efreet (D:13)
  2 minotaur zombies (Gauntlet)
  7 rime drakes
  3 anaconda simulacra (IceCv)
  4 ice devils (IceCv)
  9 komodo dragons
  Psyche (D:8)
  10 polar bears
  13 trolls
  16 blink frogs
  A hornet (Lair:3)
  3 raiju (Lair:5)
  6 dream sheep
  A spriggan (shapeshifter) (D:13)
  A dire elephant simulacrum (IceCv)
  2 shadows
  23 yaks
  3 wraiths
  9 wyverns
  6 wargs
  4 fire bats (Gauntlet)
  7 basilisks
  A warg (shapeshifter) (D:13)
  19 humans (D:13)
  4 vampire mosquitoes (D:13)
  2 death yak simulacra (IceCv)
  A steam dragon (Lair:4)
  4 acid dragons
  11 nagas
  A hydra simulacrum (IceCv)
  21 water moccasins
  21 hell hounds
  11 black bears (Lair:5)
  A swamp drake (D:12)
  Pargi (Sewer)
  17 orc warriors
  14 wolves
  24 ogres
  6 centaurs
  A phantom (D:7)
  3 kobold brigands
  A brain worm (Sewer)
  14 bullfrogs
  5 gnoll sergeants (D:8)
  5 scorpions
  10 wights
  12 killer bees
  An elephant simulacrum (IceCv)
  3 howler monkeys
  9 orc priests
  A bombardier beetle (D:6)
  4 hounds
  A jelly (D:8)
  A sleepcap (D:5)
  2 gnoll boudas (D:8)
  3 iguanas
  16 orc wizards
  12 hell rats
  2 troll simulacra (IceCv)
  19 gnolls (D:8)
  12 adders
  2 river rats (D:4)
  A white imp (D:6)
  3 ufetubi
  2 ribbon worms (D:4)
  64 orcs
  11 ball pythons
  5 bats
  5 endoplasms
  9 giant cockroaches
  7 goblins
  5 hobgoblins
  4 jackals (D:8)
  2 quokkas (D:3)
  6 frilled lizards
  23 kobolds
  3 rats
  A lurking horror (D:7)
728 creatures vanquished.

Vanquished Creatures (collateral kills)
  A yak (Lair:3)
  A naga (Lair:3)
  A hell rat (Lair:3)
  An adder (D:5)
4 creatures vanquished.

Grand Total: 732 creatures vanquished

Notes
Turn   | Place    | Note
-------+----------+-------------------------------------------
     0 | D:1      | dialectric the Minotaur Fighter began the quest for the
                  | Orb.
     0 | D:1      | Reached XP level 1. HP: 19/19 MP: 0/0
    87 | D:1      | Reached XP level 2. HP: 27/27 MP: 1/1
   227 | D:1      | Reached skill level 4 in Fighting
   725 | D:2      | Reached XP level 3. HP: 32/33 MP: 2/2
  1195 | D:3      | Reached XP level 4. HP: 33/41 MP: 3/3
  1287 | D:3      | Found Tiangeap's Vocational Training.
  1365 | D:3      | Found an opulent altar of Gozag.
  1365 | D:3      | Found a broken altar of Ashenzari.
  1424 | D:3      | Reached skill level 1 in Short Blades
  1980 | D:4      | Found a glowing drain.
  1988 | D:4      | Noticed an ogre
  2000 | D:4      | Killed an ogre
  2001 | D:4      | Reached skill level 5 in Fighting
  2001 | D:4      | Reached skill level 5 in Armour
  2001 | D:4      | Reached skill level 1 in Dodging
  2001 | D:4      | Reached XP level 5. HP: 32/48 MP: 4/4
  2024 | Sewer    | Entered a sewer
  2156 | Sewer    | Reached XP level 6. HP: 42/56 MP: 3/5
  2161 | Sewer    | Noticed Pargi
  2169 | Sewer    | Killed Pargi
  2344 | D:4      | Reached skill level 6 in Fighting
  2513 | D:4      | Found an iron altar of Okawaru.
  2701 | D:4      | Found a hazy altar of Hepliaklqana.
  2863 | D:4      | Noticed an orc warrior
  2864 | D:4      | Found a bloodstained altar of Trog.
  2876 | D:4      | Killed an orc warrior
  2877 | D:4      | Reached XP level 7. HP: 17/64 MP: 6/6
  2884 | D:4      | Found a shimmering blue altar of Sif Muna.
  2893 | D:4      | Got Sif Muna's Secrets of Bewitchment
  3290 | D:5      | Entered Level 5 of the Dungeon
  3407 | D:5      | Reached skill level 7 in Fighting
  3455 | D:5      | Reached XP level 8. HP: 37/73 MP: 7/7
  3742 | D:5      | Reached skill level 8 in Fighting
  4386 | D:6      | Found Hufan's Fire Supplies.
  4508 | D:6      | Found a staircase to the Ecumenical Temple.
  5056 | D:7      | Reached skill level 10 in Armour
  5098 | D:7      | Reached XP level 9. HP: 79/82 MP: 8/8
  5281 | D:7      | Reached skill level 5 in Maces & Flails
  5560 | D:7      | Found a corrupted altar of Lugonu.
  5571 | D:7      | Found a one-way gate to the infinite horrors of the Abyss.
  5862 | D:8      | Reached skill level 9 in Fighting
  6060 | D:8      | Found a shadowy altar of Dithmenos.
  6300 | D:8      | Noticed Psyche
  6561 | D:8      | Noticed Pikel
  6588 | D:8      | Killed Pikel
  6675 | D:8      | Killed Psyche
  6676 | D:8      | Reached XP level 10. HP: 91/91 MP: 9/9
  7103 | D:9      | Noticed a two-headed ogre
  7469 | D:9      | Reached skill level 10 in Maces & Flails
  7479 | D:9      | Killed a two-headed ogre
  7939 | D:9      | Found a glowing silver altar of Zin.
  7980 | D:9      | Found a basalt altar of Yredelemnul.
  8198 | D:9      | Found a sacrificial altar of Ru.
  8223 | D:10     | Entered Level 10 of the Dungeon
  8558 | D:10     | Found a staircase to the Lair.
  8586 | D:10     | Reached skill level 10 in Fighting
  9234 | D:11     | Reached XP level 11. HP: 87/101 MP: 10/10
  9502 | D:11     | Found a gate leading to a gauntlet.
  9508 | Gauntlet | Entered a Gauntlet
  9508 | Gauntlet | Found a transporter.
  9509 | Gauntlet | Noticed a hell hog
  9510 | Gauntlet | Noticed a green death
  9518 | Gauntlet | Found a transporter.
  9532 | Gauntlet | Found a transporter.
  9532 | Gauntlet | Found a transporter.
  9537 | Gauntlet | Killed a hell hog
  9596 | Gauntlet | Noticed a quicksilver ooze
  9703 | Gauntlet | HP: 3/101 [quicksilver ooze (13)]
  9704 | Gauntlet | Killed a quicksilver ooze
  9705 | Gauntlet | Found a transporter.
  9705 | Gauntlet | Found the +3 Mad Mage's Maulers {Infuse+∞ VampMP -Cast}
  9951 | Gauntlet | Noticed a minotaur
  9961 | Gauntlet | Killed a minotaur
 10354 | D:11     | Reached skill level 11 in Fighting
 10699 | D:12     | Noticed a cyan ugly thing
 10703 | D:12     | Killed a cyan ugly thing
 10965 | D:12     | Noticed Nergalle
 10971 | D:12     | Killed Nergalle
 10980 | D:12     | Noticed a red ugly thing
 10990 | D:12     | Killed a red ugly thing
 11205 | D:12     | Found a staircase to the Orcish Mines.
 11376 | D:12     | Reached skill level 15 in Armour
 11488 | D:12     | Noticed Azrael
 11496 | D:12     | Killed Azrael
 11497 | D:12     | Reached XP level 12. HP: 103/110 MP: 3/11
 11667 | Orc:1    | Entered Level 1 of the Orcish Mines
 11843 | Orc:2    | Entered Level 2 of the Orcish Mines
 12388 | Orc:2    | Found Riduts's Jewellery Shoppe.
 12416 | Orc:2    | Found a staircase to the Elven Halls.
 12633 | Orc:2    | Noticed a two-headed ogre
 12635 | Orc:2    | Noticed a two-headed ogre
 12658 | Orc:2    | Killed a two-headed ogre
 12659 | Orc:2    | Reached skill level 15 in Maces & Flails
 12695 | Orc:2    | Killed a two-headed ogre
 12866 | Orc:2    | Reached skill level 12 in Fighting
 12916 | Orc:2    | Noticed an ogre mage
 12927 | Orc:2    | Killed an ogre mage
 13030 | Orc:2    | Noticed a two-headed ogre
 13042 | Orc:2    | Killed a two-headed ogre
 13117 | Orc:2    | Noticed an ogre mage
 13118 | Orc:2    | Noticed a two-headed ogre
 13121 | Orc:2    | Killed an ogre mage
 13125 | Orc:2    | Killed a two-headed ogre
 13167 | Orc:2    | Noticed a two-headed ogre
 13178 | Orc:2    | Killed a two-headed ogre
 13266 | Orc:2    | Noticed a two-headed ogre
 13267 | Orc:2    | Noticed a two-headed ogre
 13274 | Orc:2    | Killed a two-headed ogre
 13282 | Orc:2    | Killed a two-headed ogre
 13287 | Orc:2    | Reached XP level 13. HP: 88/119 MP: 3/12
 13626 | Orc:2    | Found Mixzif's Book Emporium.
 13627 | Orc:2    | Found Quawotsi's Antique Armour Emporium.
 13685 | Orc:2    | Found Zuesmom's Antique Armour Boutique.
 13697 | Orc:2    | Found Buryag's Magic Scroll Shoppe.
 13705 | Orc:2    | Bought a scroll of blinking for 120 gold pieces
 13705 | Orc:2    | Bought a scroll of teleportation for 48 gold pieces
 13705 | Orc:2    | Bought a scroll of teleportation for 48 gold pieces
 13718 | Orc:2    | Bought a jewelled cloak for 342 gold pieces
 13718 | Orc:2    | Identified the +0 cloak of the Fletcher {rF+} (You bought
                  | it in a shop on level 2 of the Orcish Mines)
 13852 | Orc:2    | Reached skill level 13 in Fighting
 14183 | D:13     | Noticed Sonja
 14191 | D:13     | Killed Sonja
 14426 | Lair:1   | Entered Level 1 of the Lair of Beasts
 14647 | Lair:1   | Identified the blade talisman "Optedghel" {rPois rC- rN+
                  | SInv}
 14979 | Lair:1   | Found a runed translucent door.
 14979 | Lair:1   | Found a shimmering altar of Xom.
 14979 | Lair:1   | Noticed middlethird's ghost (novice VSCj)
 16093 | Lair:1   | Reached skill level 14 in Fighting
 17892 | Lair:3   | Found a frozen archway.
 17909 | IceCv    | Entered an ice cave
 17962 | IceCv    | Reached XP level 14. HP: 133/133 MP: 0/13
 18251 | IceCv    | Reached skill level 5 in Dodging
 18355 | IceCv    | Reached skill level 15 in Fighting
 18650 | Lair:3   | Found a staircase to the Snake Pit.
 18682 | Lair:3   | Noticed Gastronok
 20022 | D:13     | Reached skill level 1 in Evocations
 20296 | D:13     | Noticed Jorgrun
 20304 | D:13     | Killed Jorgrun
 20305 | D:13     | Reached skill level 16 in Fighting
 21186 | D:13     | Reached skill level 17 in Fighting
 21225 | D:13     | Found a gate to the Vaults.
 21619 | Elf:1    | Entered Level 1 of the Elven Halls
 22299 | Lair:3   | Killed Gastronok
 22573 | Lair:3   | Reached skill level 18 in Fighting
 22604 | Lair:3   | Reached XP level 15. HP: 98/147 MP: 0/14
 22894 | Lair:3   | Paralysed by a hornet for 2 turns
 23024 | Lair:3   | Found a staircase to the Swamp.
 23181 | Lair:4   | Identified the +3 scale mail "Catsouq" {Dex+6}
 23561 | Lair:4   | Identified the +0 cloak of Inference {-Tele rC+ rCorr
                  | Str+4}
 23631 | Lair:4   | Found a staircase to the Slime Pits.
 23694 | Lair:4   | Identified a scroll of acquirement
 23707 | Lair:4   | Acquired the amulet "Qifaj" {Acrobat ^Fragile rCorr SInv}
 23844 | Lair:4   | Reached skill level 19 in Fighting
 24471 | Lair:5   | Entered Level 5 of the Lair of Beasts
 24544 | Lair:5   | Identified the +3 scale mail of the Last Deaths {rC+ rCorr}
 25180 | Lair:5   | Identified the maw talisman of the Morning {Stlth+}
 25522 | Lair:5   | Reached skill level 20 in Fighting
 26049 | Slime:1  | Entered Level 1 of the Pits of Slime
 26049 | Slime:1  | Noticed a rockslime
 26119 | Snake:1  | Entered Level 1 of the Snake Pit
 27027 | Snake:1  | Found a shimmering blue altar of Sif Muna.
 27989 | Snake:1  | Reached skill level 21 in Fighting
 28496 | Snake:2  | Reached XP level 16. HP: 139/167 MP: 3/15
 29130 | Snake:2  | Found Ipafo's Distillery.
 29228 | Snake:2  | Bought a potion of heal wounds for 60 gold pieces
 29228 | Snake:2  | Bought a potion of curing for 36 gold pieces
 29409 | Snake:2  | Noticed Vashnia
 29434 | Snake:2  | HP: 6/167 [poisoned by Vashnia (splash of poison)]
 29435 | Snake:2  | Shot with a bolt by Vashnia

Illustrated notes

Levels and vault maps discovered:
D:1:      dpeg_arrival_rooms_b, layout_basic, hangedman_decor_clover_reticule
D:2:      layout_basic
D:3:      layout_loops_ring, gammafunk_temple_overflow_elements,
          nicolae_shop_vocational
D:4:      layout_basic, nzn_overflow_gifts_of_might_and_magic,
          worldfamousw_hep_ancestral_shrine, okawaru_metal_pillars_1_2,
          portal_sewer_entry_a, hex_large,
          serial_library_regret_index_split_case, minmay_misc_feat_plants
D:5:      layout_basic
D:6:      layout_gridville, minmay_temple_entry_arrows, nicolae_shop_fire_sale
          [nicolae_sub_dead_trees]
D:7:      layout_cave_pools, amcnicky_altar_lugonu_corruption
D:8:      layout_cave_pools, nicolae_overflow_crystal_walls, serial_gnoll_camp,
          gnoll_camp_medium_01, gnoll_camp_mini_house, gnoll_camp_mini_house,
          gnoll_camp_mini_house, gnoll_camp_mini_basic, uniq_psyche, uniq_pikel
D:9:      layout_big_octagon, zin_academy, minitemple, minmay_misc_feat_rows
D:10:     layout_loops_cross, lair_entry_dummy
D:11:     layout_irregular_city, gauntlet_entry_generic, serial_column_ruins,
          column_ruins_grid_1, column_ruins_grid_1,
          column_ruins_corridor_corner, column_ruins_grid_1,
          column_ruins_columns_straight, column_ruins_open_medium_water
D:12:     layout_roguey, erik_orc_1, uniq_nergalle, uniq_azrael
D:13:     layout_irregular_city, grunt_vaults_entry_tiered, uniq_sonja,
          uniq_jorgrun
D:14:     cheibrodos_breeding_chamber, layout_rooms,
          nicolae_trove_entry_diagonal, nicolae_concentric_dashed_squares_mild
Lair:1:   layout_regular_city, ebering_ghost_xom, nzn_random_ring
Lair:2:   layout_loops_ring
Lair:3:   layout_gridlike, mainiacjoe_swamp_entry_angry_trees,
          guppyfry_snake_entry_island, special_room [special_room_mythical_zoo],
          portal_ice_cave_entry_pillars_1, cheibrodos_lair_reptile_den,
          lemuel_fruit_fields, uniq_gastronok
Lair:4:   layout_regular_city, dpeg_slime_entry_corner, grunt_megastairs_3,
          infiniplex_staircase_pool_2
Lair:5:   hangedman_lair_caniforms_friends, layout_regular_city,
          serial_bayou_lagoon_b
Snake:1:  layout_basic, basic_altar
Snake:2:  layout_chambers, minmay_shop_star, nicolae_triple_integral,
          uniq_vashnia
Slime:1:  layout_caves
Orc:1:    layout_caves, basic_altar, lightli_orcish_oven
Orc:2:    st_orc_open, layout_caves, serial_shops, nicolae_shop_stone,
          mines2_david
Elf:1:    eino_elf_arrival_shootout, layout_gridlike,
          nicolae_elf_shapeshifter_party, uniq_donald, uniq_frances

Skill      XL: |  1  2  3  4  5  6  7  8  9 10 11 12 13 14 15 |
---------------+----------------------------------------------+-----
Fighting       | 4 5 6 7 8 9 10 11 12 14 18 21 | 21.5
Armour         | 4 5 7 8 10 11 13 15 16 18 19 | 19.3
Shields        | 4 |  4.2
Maces & Flails | 3 4 8 11 13 16 18 | 18.4
Short Blades   | 1 |  1.0
Dodging        | 1 2 3 4 5 |  5.7
Evocations     | 1 |  1.0

Action                     |  1- 3 |  4- 6 |  7- 9 | 10-12 | 13-15 | 16-18 || total
---------------------------+-------+-------+-------+-------+-------+-------++-------
  Melee: Flail             |    24 |       |       |       |       |       ||    24
         Short sword       |    53 |   128 |   139 |       |       |       ||   320
         Headbutt          |     8 |    21 |    62 |   103 |   219 |    13 ||   426
         Punch             |       |     2 |     3 |     4 |       |       ||     9
         Whip              |       |       |   171 |   230 |       |       ||   401
         Spear             |       |       |    36 |       |       |       ||    36
         Unarmed           |       |       |     4 |       |       |       ||     4
         Dire flail        |       |       |       |   252 |   911 |    44 ||  1207
  Throw: Dart              |       |       |       |     7 |     9 |       ||    16
  Evoke: Wand              |       |       |       |     1 |     5 |       ||     6
    Use: Potion            |       |     2 |       |     4 |     5 |     4 ||    15
         Scroll            |       |       |    10 |    16 |    11 |       ||    37
 Armour: Scale mail        |    57 |    98 |    14 |       |       |       ||   169
         Plate armour      |       |       |   272 |   380 |   768 |    50 ||  1470
         Skin              |       |       |     2 |       |    11 |       ||    13
  Dodge: Dodged            |    40 |    74 |   183 |   193 |   480 |    25 ||   995
